 Dungeon Crawl Stone Soup version 0.18.1-1-g2f07953 (webtiles) character file.

370880 CcS the Axe Maniac (level 21, -10/303 HPs)
             Began as a Minotaur Berserker on May 7, 2016.
             Was a High Priest of Trog.
             Killed from afar by a starcursed mass (16 damage)
             ... with an accursed screaming
             ... on level 4 of the Abyss.
             The game lasted 00:56:54 (35601 turns).

CcS the Axe Maniac (Minotaur Berserker)            Turns: 35601, Time: 00:56:55

Health: -10/303    AC: 49    Str: 33    XL:     21   Next: 69%
Magic:  6/6        EV: 24    Int:  9    God:    Trog [*****.]
Gold:   2242       SH:  0    Dex: 20    Spells: 0 memorised, 20 levels left

rFire  + . .     SeeInvis .     a - +9 executioner's axe (antimagic)
rCold  + + .     Gourm    .     S - +5 crystal plate armour of Yshoat {rC++ rN+ rCorr Dex-3}
rNeg   + + .     Faith    .     (shield currently unavailable)
rPois  +         Spirit   .     W - +2 hat of the Ditch-Digger {+Fly rF+ rN+ Int+3}
rElec  +         Dismiss  .     H - +2 cloak
rCorr  +         Reflect  .     F - +2 pair of gloves {Str+3}
SustAt .         Harm     .     w - +2 pair of boots of Distant Shores {Dex+4}
MR     ++...     Rnd*Tele +     o - amulet of regeneration {+regen, !d}
Stlth  ..........               Z - ring "Lorole" {rElec rPois MR+ AC+3 Int-4}
                                J - ring "Rid Qips" {EV+4 Int+6}

@: berserking (expiring), very slightly contaminated, non-regenerating,
diseased, very quick, very resistant to hostile enchantments, extremely
unstealthy
A: retaliatory headbutt, horns 2, blink, screaming 2, strong 1, teleportitis 1,
wild magic 1
a: Blink, Berserk, Trog's Hand, Brothers in Arms, Burn Spellbooks, Renounce
Religion, Evoke Flight
}: 2/15 runes: barnacled, gossamer


You were on level 4 of the Abyss.
You worshipped Trog.
Trog was extremely pleased with you.
You were not hungry.

You visited 6 branches of the dungeon, and saw 37 of its levels.
You visited the Abyss 1 time.

You collected 2662 gold pieces.
You spent 420 gold pieces at shops.

Inventory:

Hand Weapons
 a - a +9 antimagic executioner's axe (weapon)
   (Trog gifted it to you on level 4 of the Spider Nest)
 b - the +4 executioner's axe "Seuse" {distort, rN+ Str+3 Dex+2}
   (Trog gifted it to you on level 15 of the Dungeon)

   It warps and distorts space around it.
   Unwielding it can cause banishment or high damage.
   It affects your strength (+3).
   It affects your dexterity (+2).
   It protects you from negative energy.
Armour
 w - the +2 pair of boots of Distant Shores (worn) {Dex+4}
   (You acquired it on level 5 of the Depths)

   It affects your dexterity (+4).
 F - a +2 pair of gloves of strength (worn)
   (You acquired it on level 6 of the Lair of Beasts)
 H - a +2 cloak (worn)
   (You found it on level 1 of the Shoals)
 S - the +5 crystal plate armour of Yshoat (worn) {rC++ rN+ rCorr Dex-3}
   (You acquired it on level 4 of the Depths)

   It affects your dexterity (-3).
   It greatly protects you from cold.
   It protects you from negative energy.
   It protects you from acid and corrosion.
 W - the +2 hat of the Ditch-Digger (worn) {+Fly rF+ rN+ Int+3}
   (You acquired it on level 12 of the Dungeon)

   It affects your intelligence (+3).
   It protects you from fire.
   It protects you from negative energy.
   It lets you fly.
Jewellery
 e - an uncursed ring of poison resistance {unknown}
   (You found it on level 1 of the Shoals)
 o - an amulet of regeneration (around neck) {+regen, !d}
   (You bought it in a shop on level 1 of the Depths)
 t - an uncursed ring of wizardry {unknown}
   (You found it on level 5 of the Depths)
 D - an uncursed ring of see invisible {sInv, !d}
   (You found it on level 15 of the Dungeon)
 G - a cursed amulet of inaccuracy {unknown}
   (You found it on level 5 of the Depths)
 J - the ring "Rid Qips" (left hand) {EV+4 Int+6}
   (You took it off a hell knight on level 5 of the Depths)

   [ring of evasion]

   It affects your evasion (+4).
   It affects your intelligence (+6).
 K - an uncursed amulet of guardian spirit {Spirit}
   (You found it on level 13 of the Dungeon)
 P - an uncursed ring of protection from fire {unknown}
   (You found it on level 5 of the Depths)
 Z - the ring "Lorole" (right hand) {rElec rPois MR+ AC+3 Int-4}
   (You found it on level 5 of the Depths)

   [ring of protection]

   It affects your AC (+3).
   It affects your intelligence (-4).
   It insulates you from electricity.
   It protects you from poison.
   It affects your resistance to hostile enchantments.
Wands
 C - a wand of digging (12/24)
   (You found it on level 4 of the Lair of Beasts)
Scrolls
 h - 17 scrolls of remove curse
 k - 4 scrolls of magic mapping {!r}
 s - a scroll of enchant armour
 u - a scroll of summoning
 y - 4 scrolls of fog
 I - 2 scrolls of recharging
 L - 3 scrolls of fear
 R - 3 scrolls of enchant weapon
 T - 9 scrolls of teleportation
 Y - 3 scrolls of blinking {!r}
Potions
 d - 3 potions of lignification {!q}
 g - 7 potions of haste
 i - a potion of invisibility
 l - 5 potions of ambrosia
 m - a potion of resistance
 n - a potion of heal wounds
 q - 13 potions of curing
 r - 3 potions of magic
 v - 3 potions of berserk rage {!q}
 B - 2 potions of cancellation
 E - a potion of mutation {!q}
 M - 2 potions of flight
 N - 3 potions of agility
 O - 2 potions of brilliance
 U - 3 potions of might
 V - a potion of cure mutation {!q}
Miscellaneous
 x - a stone of tremors
   (You found it on level 3 of the Spider Nest)
 z - a phial of floods
   (You found it on level 2 of the Lair of Beasts)
 A - a lamp of fire
   (You found it on level 5 of the Depths)
Comestibles
 c - 7 bread rations {@e1}
 f - 7 meat rations {@e2}
 j - 3 slices of pizza
 p - 2 beef jerkies
 X - a royal jelly


   Skills:
 + Level 20.7 Fighting
 O Level 27 Axes
 + Level 20.8 Armour
 + Level 17.7 Dodging


You had 20 spell levels left.
You didn't know any spells.

Dungeon Overview and Level Annotations

Branches:
Dungeon (15/15)              Lair (8/8) D:8          Shoals (4/4) Lair:5
 Spider (4/4) Lair:6        Slime (0/6) Lair:6          Orc (0/2) D:12
 Vaults (1/5) D:13         Depths (5/5) D:15            Zot (0/5) Depths:5
 Temple: D:4-7

Altars:
Elyvilon
Makhleb
Nemelex Xobeh
Pakellas
Ru
Trog
The Shining One
Jiyva

Shops:
D:10 (   Vaults:1 *   Depths:1 =

Portals:
Hell: Depths:1 Depths:2 Depths:3 Depths:4 Depths:5
Pandemonium: Depths:1 Depths:2 Depths:3
Trove: Depths:2 (give +5 demon trident)

Annotations:
D:12 1 exclusion
Shoals:4 MDvedh's ghost, adept MiBe
Depths:5 2 exclusions


Innate Abilities, Weirdness & Mutations

You reflexively headbutt those who attack you in melee.
You have a pair of horns on your head.
You can translocate small distances at will.
You sometimes yell uncontrollably at your foes.
Your muscles are strong. (Str +2)
You are occasionally teleported next to monsters.
Your spells are a little harder to cast, but a little more powerful.


Message History

You chop the starspawn tentacle into pieces!!!
You destroy the starspawn tentacle!
You feel the effects of Trog's Hand fading.
The profane servitor hits you but does no damage.
The profane servitor closely misses you.
Unknown command.
You closely miss the tormentor. You headbutt the tormentor.
You carve the profane servitor like a ham!!!
You destroy the profane servitor!
A chorus of shrieks assaults your mind.
* * * LOW HITPOINT WARNING * * *
A tentacle flies out from the starspawn's body!
A starcursed mass splits.
The tormentor completely misses you. The tormentor misses you.
A starspawn tentacle comes into view.
You take 9 damage, and have 36/303 hp.
Unknown command.
Your crystal plate armour of Yshoat prevents you from hitting the tormentor.
Unknown command.
You completely miss the tormentor. The tormentor completely misses you.
You furiously retaliate!
You headbutt the tormentor! The tormentor completely misses you.
A deafening chorus of shrieks assaults your mind!
* * * LOW HITPOINT WARNING * * *
You take 8 damage, and have 28/303 hp.
Unknown command.
Your crystal plate armour of Yshoat prevents you from hitting the tormentor.
Your headbutt misses the tormentor. You hit the starspawn tentacle.
The starspawn tentacle barely misses you.
The tormentor misses you. The tormentor completely misses you.
Unknown command.
You chop the starspawn tentacle into pieces!!!
You destroy the starspawn tentacle!
You barely miss the tormentor.
A tentacle flies out from the starspawn's body!
A starcursed mass splits.
A starspawn tentacle comes into view.
You yell at the starspawn tentacle!
Unknown command.
You hit the tormentor but do no damage.
You hit the bone dragon but do no damage.
You slash the starspawn tentacle!
The starspawn tentacle completely misses you.
You furiously retaliate!
You headbutt the starspawn tentacle!
You destroy the tentacled starspawn!
The starspawn's tentacles wither and die.
The tormentor hits you but does no damage.
The tormentor misses you.
Unknown command.
You slash the bone dragon! You slash the tormentor!
The tormentor's magic leaks into the air.
The bone dragon bites you!
* * * LOW HITPOINT WARNING * * *
The bone dragon misses you.
The bone dragon tramples you but does no damage.
You take 14 damage, and have 15/303 hp.
Unknown command.
You slash the bone dragon! You headbutt the bone dragon!
You hit the starcursed mass.
The starcursed mass shudders and withdraws towards its neighbour.
The starcursed mass shudders and withdraws towards its neighbour.
The starcursed mass shudders and withdraws towards its neighbour.
You slice the tormentor!!
You kill the tormentor!
Trog accepts your kill.
You slash the bone dragon!
You headbutt the bone dragon, but do no damage.
The bone dragon bites you but does no damage.
The bone dragon claws you but does no damage.
The bone dragon barely misses you.
Unknown command.
You slice the bone dragon!! You headbutt the bone dragon!!
A large abomination comes into view.
Unknown command.
You slice the bone dragon!!
You headbutt the bone dragon, but do no damage.
You slice the starcursed mass like a ripe choko!!!
You destroy the starcursed mass!
Your skin stops crawling.
You feel less resistant to hostile enchantments.
Unknown command.
You chop the bone dragon into pieces!!!!
The bone dragon bites you but does no damage.
The bone dragon misses you.
The bone dragon tramples you but does no damage.
Unknown command.
You slice the bone dragon!!
You destroy the bone dragon!
You slice the starcursed mass!!
The starcursed mass shudders and is absorbed by its neighbour.
A chorus of shrieks assaults your mind.
* * * LOW HITPOINT WARNING * * *
You take 10 damage, and have 6/303 hp.
A starcursed mass comes into view.
A starcursed mass splits. x2
Unknown command.
You feel a strong urge to attack something.
A starcursed mass splits.
A cacophony of accursed wailing tears at your sanity!
You die...

#.X ...............
...#.............
....#....#........
....X....#.........
....X..............
##....XX....##.#. .
.....X.......X...
........)...###..
.##.....X.@## #
#.......## ..
#.#......###.. .
#..........# ###.
..........###...
..X.........#....
..X.......... . .
##........... ... .
. . . .... . .


You could see 8 starcursed masses and a large abomination.

Vanquished Creatures
  A juggernaut (Depths:5)
  Sojobo (Depths:2)
  Frederick (Depths:5)
  A caustic shrike (Depths:3)
  A profane servitor (Abyss:4)
  2 bone dragons (Abyss:4)
  2 golden dragons (Depths:5)
  A tentacled monstrosity (Depths:5)
  A lich (Depths:1)
  Asterion (Depths:2)
  A hellephant (Abyss:4)
  A quicksilver dragon (Depths:4)
  A titan (Depths:5)
  2 sphinxes (Depths:4)
  An Executioner (Abyss:4)
  10 tentacled starspawn (Abyss:4)
  Wiglaf (Depths:1)
  3 tengu reavers
  8 fire giants
  Ilsuiw (Shoals:4)
  3 iron dragons
  A daeva (Abyss:4)
  A vault warden (Vaults:1)
  A draconian knight (Depths:5)
  A balrug (Abyss:4)
  9 frost giants
  4 emperor scorpions
  4 ghost moths (Spider:4)
  2 cacodemons
  A caustic shrike skeleton (Depths:1)
  A spriggan defender (Depths:5)
  A draconian annihilator (Depths:5)
  8 very ugly things
  15 stone giants
  3 vampire knights
  A spark wasp (Depths:5)
  A deep elf annihilator (Depths:5)
  A dire elephant (Lair:8)
  3 merfolk javelineers (Shoals:4)
  9 merfolk impalers (Shoals:4)
  9 ettins
  2 green deaths
  8 fire dragons
  A deep elf death mage (Depths:5)
  17 vault guards
  8 yaktaur captains
  12 great orbs of eyes
  5 rakshasas
  4 ice dragons
  4 entropy weavers
  5 hydras
  An anaconda (shapeshifter) (D:15)
  A merfolk avatar (Shoals:4)
  9 centaur warriors
  An alligator snapping turtle (Shoals:1)
  3 ogre magi
  2 catoblepae
  The ghost of inmateoo the Grappler, a novice DrTm of Cheibriados (D:13)
  4 death yaks (Lair:8)
  5 vampire magi
  8 deep troll earth magi
  3 hell hogs (Abyss:4)
  A satyr (Shoals:4)
  8 tengu warriors
  A queen ant (Lair:1)
  5 merfolk aquamancers (Shoals:4)
  9 deep troll shamans
  Urug (D:15)
  An orc high priest (Depths:5)
  8 thrashing horrors (Abyss:4)
  The ghost of ThereIsNoGod the Unseen, a novice OpAs of Dithmenos (D:8)
  4 sun demons
  3 spriggan berserkers
  5 wretched stars (Abyss:4)
  A shadow wraith (Abyss:4)
  A titan skeleton (Depths:4)
  A quicksilver dragon simulacrum (Depths:4)
  20 hell knights
  A storm dragon skeleton (Depths:4)
  7 iron trolls
  30 deep trolls
  A gelid demonspawn (Depths:2)
  A swamp dragon (shapeshifter) (Depths:3)
  5 unseen horrors
  4 sea snakes
  6 giant orange brains
  A flayed ghost (Depths:1)
  33 starcursed masses (Abyss:4)
  A spatial maelstrom (Abyss:4)
  A hill giant (shapeshifter) (D:14)
  A lindwurm (shapeshifter) (D:13)
  14 harpies
  2 shadow demons (Abyss:4)
  12 wolf spiders
  13 hill giants
  4 deep elf magi
  5 necromancers
  The ghost of grom234 the Unweaver, a novice DsAK of Lugonu (D:7)
  A wizard (D:14)
  15 ugly things
  3 fauns (Shoals:1)
  6 griffons
  8 hornets
  10 cyclopes
  5 orb spiders
  A shining eye (Abyss:4)
  8 manticores
  4 sixfirhies
  A centaur zombie (D:15)
  2 moths of wrath
  10 sirens
  A vault sentinel (Vaults:1)
  10 elephants
  A rust devil (Depths:1)
  A guardian serpent (Abyss:4)
  A naga mage (Abyss:4)
  3 black mambas
  2 orange demons
  2 smoke demons (Abyss:4)
  2 water nymphs
  Joseph (D:9)
  2 apocalypse crabs (Abyss:4)
  A centaur skeleton (D:13)
  A shock serpent skeleton (Abyss:4)
  2 hellions (Abyss:4)
  A gargoyle (D:12)
  A torpor snail (Spider:3)
  12 spiny frogs
  10 komodo dragons
  5 rime drakes
  A komodo dragon (shapeshifter) (Abyss:4)
  3 efreet
  9 yaktaurs
  A tormentor (Abyss:4)
  2 ice devils (Depths:2)
  A freezing wraith (D:14)
  15 jumping spiders
  9 demonic crawlers
  6 ancient zymes (Abyss:4)
  3 hellwings
  2 polar bears
  A troll (shapeshifter) (Depths:1)
  4 trolls
  A guardian mummy (D:15)
  4 tengu conjurers
  15 merfolk
  A merfolk (shapeshifter) (Abyss:4)
  2 wind drakes
  2 polar bears (shapeshifter)
  7 raiju (Abyss:4)
  Prince Ribbit (D:8)
  A blink frog (shapeshifter) (Abyss:4)
  26 slime creatures
  A boulder beetle (Spider:3)
  2 two-headed ogres
  6 snapping turtles
  27 blink frogs
  An ettin zombie (Depths:1)
  A fire giant simulacrum (Depths:1)
  A vampire (D:14)
  A tarantella (shapeshifter) (Depths:3)
  A spriggan skeleton (D:15)
  3 shadows
  An air elemental (Abyss:4)
  11 water elementals
  18 tarantellas
  A ynoxinul (Abyss:4)
  7 small abominations (Abyss:4)
  18 large abominations (Abyss:4)
  A wraith (Abyss:4)
  A wyvern (D:11)
  2 fire bats (Abyss:4)
  15 hippogriffs
  52 redbacks
  A basilisk (shapeshifter) (D:15)
  3 humans (Depths:2)
  28 yaks
  5 basilisks
  5 chaos spawn
  4 vampire mosquitoes
  5 neqoxecs (Abyss:4)
  2 hungry ghosts (Abyss:4)
  2 spatial vortices (Abyss:4)
  2 nagas (Abyss:4)
  2 soldier ants (Lair:1)
  8 swamp worms (Lair:6)
  A hell hound (Abyss:4)
  16 water moccasins
  2 giant eyeballs (Depths:5)
  19 porcupines
  3 black bears
  The ghost of Chiseanne the Skirmisher, an amateur OgAE (D:5)
  2 swamp drakes (Depths:2)
  9 orc warriors
  A sky beast (D:7)
  7 wasps
  3 eyes of draining
  10 ice beasts
  4 phantoms
  13 ogres
  18 centaurs
  22 crocodiles
  29 wolves
  6 earth elementals (D:13)
  20 giant frogs
  A gnoll sergeant (D:9)
  3 scorpions
  24 killer bees
  4 wights (D:8)
  A howler monkey (D:8)
  3 electric eels
  11 crimson imps
  2 quasits
  A hound (D:9)
  9 orc priests
  13 orc wizards
  3 iron imps
  2 giant frog skeletons
  19 iguanas
  34 worker ants
  A boulder beetle simulacrum (Vaults:1)
  20 sheep
  A howler monkey zombie (D:10)
  7 gnolls
  5 adders
  47 river rats
  7 shadow imps
  6 white imps
  4 ufetubi
  An ooze (D:3)
  11 worms
  A dart slug (D:1)
  A giant gecko (D:7)
  66 orcs
  2 giant cockroaches
  A hobgoblin (shapeshifter) (Abyss:4)
  A hobgoblin (D:1)
  4 jackals
  2 kobolds (D:3)
  A quokka (D:4)
  8 bats
  4 giant newts
  11 rats
  8 fungi
  14 plants
  14 starspawn tentacles (Abyss:4)
1489 creatures vanquished.

Vanquished Creatures (collateral kills)
  2 tentacled starspawn (Abyss:4)
  2 emperor scorpions (Spider:4)
  A stone giant (Depths:1)
  A merfolk impaler (Shoals:4)
  A deep troll shaman (Depths:1)
  3 thrashing horrors (Abyss:4)
  A wretched star (Abyss:4)
  A hill giant (D:13)
  8 orb spiders
  3 wolf spiders
  A hornet (Spider:4)
  A worldbinder (Abyss:4)
  A cyclops (D:15)
  A yaktaur zombie (D:15)
  2 demonic crawlers (Spider:4)
  A guardian mummy (D:15)
  3 merfolk
  5 jumping spiders
  A raiju (Abyss:4)
  A deep troll zombie (D:15)
  6 tarantellas (Spider:4)
  4 redbacks (Spider:2)
  An ettin skeleton (D:15)
  3 yaks (D:13)
  A swamp worm (Lair:6)
  A large abomination (Abyss:4)
  4 wasps (Spider:4)
  An electric eel (Spider:4)
  3 starcursed masses (Abyss:4)
  A lurking horror (Abyss:4)
  A starspawn tentacle (Abyss:4)
66 creatures vanquished.

Vanquished Creatures (others)
  A hell hog (Abyss:4)
  A deep elf knight (D:14)
  A wolf spider (Spider:3)
  A hound (D:12)
  2 orcs (D:12)
  41 fungi
  52 plants
  29 starspawn tentacles (Abyss:4)
  218 starspawn tentacle segments (Abyss:4)
346 creatures vanquished.

Grand Total: 1901 creatures vanquished

Notes
Turn   | Place    | Note
--------------------------------------------------------------
     0 | D:1      | CcS the Minotaur Berserker began the quest for the Orb.
     0 | D:1      | Reached XP level 1. HP: 19/19 MP: 0/0
    33 | D:1      | Reached skill level 4 in Axes
    55 | D:2      | HP: 1/19 [worm (6)]
   556 | D:2      | Reached XP level 2. HP: 24/26 MP: 1/1
   562 | D:2      | Found a white marble altar of Elyvilon.
   680 | D:3      | Reached skill level 5 in Axes
   695 | D:3      | Reached XP level 3. HP: 27/31 MP: 2/2
   839 | D:3      | Found a burning altar of Makhleb.
   839 | D:3      | Noticed a blizzard demon
   843 | D:3      | Noticed a hellwing
   843 | D:3      | Noticed a smoke demon
  1348 | D:4      | Reached skill level 6 in Axes
  1348 | D:4      | Reached XP level 4. HP: 39/39 MP: 3/3
  1500 | D:4      | Reached XP level 5. HP: 30/45 MP: 4/4
  1517 | D:5      | Entered Level 5 of the Dungeon
  1813 | D:5      | Found a bloodstained altar of Trog.
  1821 | D:5      | Reached skill level 7 in Axes
  1824 | D:5      | Noticed Chiseanne's ghost (amateur OgAE)
  1833 | D:5      | Killed Chiseanne's ghost
  1833 | D:5      | Reached skill level 8 in Axes
  1833 | D:5      | Reached XP level 6. HP: 51/51 MP: 5/5
  2040 | D:7      | Noticed grom234's ghost (novice DsAK)
  2048 | D:7      | Noticed a sky beast
  2053 | D:7      | Killed grom234's ghost
  2053 | D:7      | Reached skill level 10 in Axes
  2053 | D:7      | Reached XP level 7. HP: 57/57 MP: 6/6
  2077 | D:7      | Reached ** piety under Trog
  2326 | D:7      | Found a glowing golden altar of the Shining One.
  2468 | D:7      | Reached skill level 11 in Axes
  2490 | D:8      | Noticed a hippogriff
  2498 | D:8      | Killed a hippogriff
  2498 | D:8      | Reached skill level 4 in Fighting
  2498 | D:8      | Reached skill level 3 in Armour
  2498 | D:8      | Reached XP level 8. HP: 66/66 MP: 7/7
  2533 | D:8      | Noticed ThereIsNoGod's ghost (novice OpAs)
  2573 | D:8      | Killed ThereIsNoGod's ghost
  2573 | D:8      | Reached skill level 5 in Fighting
  2573 | D:8      | Reached skill level 12 in Axes
  2573 | D:8      | Reached skill level 5 in Armour
  2678 | D:8      | Reached XP level 9. HP: 75/75 MP: 8/8
  2756 | D:8      | Noticed a hill giant
  2763 | D:8      | Noticed Prince Ribbit
  2772 | D:8      | Reached skill level 6 in Fighting
  2776 | D:8      | Killed a hill giant
  2776 | D:8      | Reached skill level 13 in Axes
  2776 | D:8      | Reached skill level 6 in Armour
  2789 | D:8      | Killed Prince Ribbit
  2789 | D:8      | Reached skill level 7 in Fighting
  2847 | D:8      | HP: 15/79 [ogre/giant club (7)]
  3106 | D:8      | Found a staircase to the Lair.
  3148 | Lair:1   | Entered Level 1 of the Lair of Beasts
  3210 | Lair:1   | Reached skill level 7 in Armour
  3210 | Lair:1   | HP: 29/118 [wolf (4)]
  3211 | Lair:1   | Reached skill level 14 in Axes
  3273 | Lair:1   | Reached XP level 10. HP: 45/88 MP: 9/9
  3275 | Lair:1   | HP: 22/88 [wolf (8)]
  3277 | Lair:1   | Reached *** piety under Trog
  3674 | Lair:1   | Reached skill level 8 in Fighting
  3715 | Lair:1   | Noticed a queen ant
  3723 | Lair:1   | Killed a queen ant
  3723 | Lair:1   | Reached skill level 8 in Armour
  4358 | Lair:1   | Reached skill level 15 in Axes
  4671 | Lair:1   | Gained mutation: You can translocate small distances at will. [potion of beneficial mutation]
  4672 | Lair:1   | Gained mutation: Your spells are a little harder to cast, but a little more powerful. [potion of beneficial mutation]
  4742 | Lair:1   | Reached skill level 9 in Fighting
  5005 | Lair:1   | Reached **** piety under Trog
  5136 | Lair:1   | Reached skill level 9 in Armour
  5742 | Lair:2   | Noticed a spiny frog
  5752 | Lair:2   | Killed a spiny frog
  5844 | Lair:2   | Reached XP level 11. HP: 72/97 MP: 10/10
  6280 | Lair:2   | HP: 24/97 [poisoned by a black mamba]
  6285 | Lair:2   | HP: 22/97 [poisoned by a black mamba]
  6290 | Lair:2   | HP: 20/97 [poisoned by a black mamba]
  6296 | Lair:2   | HP: 21/97 [poisoned by a black mamba]
  6860 | Lair:3   | Reached skill level 16 in Axes
  7024 | Lair:3   | Reached skill level 10 in Fighting
  7028 | Lair:3   | Reached skill level 10 in Armour
  7240 | Lair:4   | Noticed a five-headed hydra
  7254 | Lair:4   | Killed a nine-headed hydra
  8149 | Lair:4   | Reached skill level 17 in Axes
  8402 | Lair:4   | Reached skill level 11 in Fighting
  8402 | Lair:4   | Reached XP level 12. HP: 96/110 MP: 11/11
  8411 | Lair:4   | Got a jewelled spear
  8535 | Lair:5   | Found a frozen archway.
  8539 | Lair:5   | Reached skill level 11 in Armour
  8621 | Lair:5   | Found a staircase to the Shoals.
  8633 | Lair:5   | HP: 37/165 [merfolk/vampiric trident (18)]
  8635 | Lair:5   | HP: 17/165 [merfolk/vampiric trident (12)]
  8643 | Lair:5   | HP: 16/110 [blink frog (6)]
  8650 | Lair:5   | HP: 18/110 [iguana (2)]
  8940 | Lair:5   | HP: 23/110 [blink frog (9)]
  8945 | Lair:5   | HP: 18/110 [blink frog (9)]
  9224 | Lair:5   | HP: 27/110 [komodo dragon (26)]
  9226 | Lair:5   | HP: 9/110 [komodo dragon (18)]
  9227 | Lair:5   | HP: 4/110 [komodo dragon (5)]
  9230 | Lair:5   | HP: 1/165 [komodo dragon (18)]
  9272 | Lair:5   | HP: 19/110 [rime drake/flash freeze (18)]
  9400 | Lair:5   | HP: 23/110 [blink frog (6)]
  9437 | Lair:5   | Reached skill level 18 in Axes
 10208 | Lair:5   | Reached skill level 12 in Armour
 10228 | Lair:5   | HP: 28/112 [wolf (5)]
 10230 | Lair:5   | Reached skill level 12 in Fighting
 10364 | Lair:5   | HP: 26/112 [blink frog (9)]
 10372 | Lair:5   | HP: 34/168 [blink frog (3)]
 10622 | Lair:5   | Reached ***** piety under Trog
 11382 | Lair:6   | Found a staircase to the Slime Pits.
 11383 | Lair:6   | Found a viscous altar of Jiyva.
 11578 | Lair:6   | Found a hole to the Spider Nest.
 11797 | Lair:6   | Reached XP level 13. HP: 119/119 MP: 12/12
 11809 | Lair:6   | HP: 29/119 [swamp worm (1)]
 11817 | Lair:6   | HP: 28/119 [swamp worm (3)]
 11818 | Lair:6   | HP: 13/119 [swamp worm (17)]
 11828 | Lair:6   | HP: 17/119 [water moccasin (7)]
 12455 | Lair:6   | Identified a scroll of acquirement
 12564 | Lair:7   | Reached skill level 19 in Axes
 13733 | Lair:8   | Entered Level 8 of the Lair of Beasts
 14102 | Lair:8   | HP: 29/119 [poisoned by a spiny frog]
 14107 | Lair:8   | HP: 19/119 [poisoned by a spiny frog]
 14112 | Lair:8   | HP: 13/119 [poisoned by a spiny frog]
 14117 | Lair:8   | HP: 11/119 [poisoned by a spiny frog]
 14122 | Lair:8   | HP: 11/119 [poisoned by a spiny frog]
 14127 | Lair:8   | HP: 12/119 [poisoned by a spiny frog]
 14132 | Lair:8   | HP: 16/119 [poisoned by a spiny frog]
 14138 | Lair:8   | HP: 15/119 [poisoned by a spiny frog]
 14146 | Lair:8   | HP: 15/119 [poisoned by a spiny frog]
 14154 | Lair:8   | HP: 15/119 [poisoned by a spiny frog]
 14531 | Lair:8   | Received a gift from Trog
 14546 | Lair:8   | Reached skill level 13 in Fighting
 14838 | Lair:8   | Reached skill level 13 in Armour
 15101 | Lair:8   | Reached skill level 20 in Axes
 15453 | Lair:8   | Noticed a dire elephant
 15464 | Lair:8   | Killed a dire elephant
 15489 | Lair:8   | Got a flickering emerald amulet
 15731 | D:9      | Noticed Joseph
 15738 | D:9      | Killed Joseph
 15924 | D:9      | Identified the amulet "Fagiac" {Reflect rC++ Dex+5 Slay-3 SH+2} (You found it on level 8 of the Lair of Beasts)
 16116 | D:10     | Entered Level 10 of the Dungeon
 16123 | D:10     | Received a gift from Trog
 16134 | D:10     | Reached XP level 14. HP: 124/130 MP: 13/13
 16330 | D:10     | Found Xett's Weapon Emporium.
 16522 | D:10     | Found a glowing golden altar of the Shining One.
 17030 | D:11     | Reached skill level 14 in Armour
 17112 | D:11     | Reached skill level 14 in Fighting
 17329 | D:11     | Reached ****** piety under Trog
 17488 | D:12     | Got a translucent hat
 17494 | D:12     | Identified the +2 hat of the Ditch-Digger {+Fly rF+ rN+ Int+3} (You acquired it on level 12 of the Dungeon)
 17516 | D:12     | Received a gift from Trog
 17623 | D:12     | Reached skill level 3 in Dodging
 17688 | D:12     | Found a sacrificial altar of Ru.
 17764 | D:12     | Found a staircase to the Orcish Mines.
 18042 | D:13     | Reached skill level 4 in Dodging
 18043 | D:13     | Noticed inmateoo's ghost (novice DrTm)
 18054 | D:13     | Killed inmateoo's ghost
 18054 | D:13     | Reached skill level 5 in Dodging
 18179 | D:13     | Identified the Collected Works on Blistering Clay
 18198 | D:13     | Reached skill level 6 in Dodging
 18273 | D:13     | Got a pair of polished boots
 18284 | D:13     | Identified the +0 pair of boots of the Guild-Master {MP+9} (You acquired it on level 13 of the Dungeon)
 18385 | D:13     | Reached skill level 7 in Dodging
 18518 | D:13     | Received a gift from Trog
 18680 | D:13     | Reached skill level 8 in Dodging
 18815 | D:13     | Reached skill level 9 in Dodging
 18840 | D:13     | Found a gate to the Vaults.
 19041 | D:14     | Reached XP level 15. HP: 120/138 MP: 14/14
 19239 | D:14     | Reached skill level 21 in Axes
 19243 | D:14     | Reached skill level 10 in Dodging
 19770 | D:15     | Entered Level 15 of the Dungeon
 19902 | D:15     | Received a gift from Trog
 19908 | D:15     | Noticed Urug
 19924 | D:15     | Killed Urug
 19946 | D:15     | Found a staircase to the Depths.
 21190 | D:9      | You fall through a shaft for 3 floors!
 21268 | D:15     | Got a faintly glowing executioner's axe {god gift}
 21269 | D:15     | Identified the +4 executioner's axe "Seuse" {distort, rN+ Str+3 Dex+2} (Trog gifted it to you on level 15 of the Dungeon)
 21558 | Spider:1 | Entered Level 1 of the Spider Nest
 21569 | Spider:1 | Reached skill level 15 in Fighting
 21699 | Spider:1 | HP: 33/140 [redback (10)]
 21940 | Spider:2 | Reached skill level 15 in Armour
 21974 | Spider:2 | Paralysed by a hornet for 2 turns
 21978 | Spider:2 | Received a gift from Trog
 22291 | Spider:2 | Reached skill level 11 in Dodging
 22925 | Spider:4 | Entered Level 4 of the Spider Nest
 22930 | Spider:4 | Reached XP level 16. HP: 149/149 MP: 15/15
 22932 | Spider:4 | Reached skill level 22 in Axes
 23386 | Spider:4 | Received a gift from Trog
 23424 | Spider:4 | Received a gift from Trog
 23580 | Spider:4 | HP: 37/149 [poisoned by a redback]
 23585 | Spider:4 | HP: 27/149 [poisoned by a redback]
 23590 | Spider:4 | HP: 19/149 [poisoned by a redback]
 23595 | Spider:4 | HP: 14/149 [poisoned by a redback]
 23600 | Spider:4 | HP: 10/149 [poisoned by a redback]
 23925 | Spider:4 | Got a distressingly furry scale mail
 24400 | Spider:4 | Reached skill level 12 in Dodging
 24404 | Spider:4 | HP: 49/225 [emperor scorpion (9)]
 24410 | Spider:4 | HP: 42/225 [poisoned by a hornet]
 24415 | Spider:4 | HP: 26/150 [poisoned by a hornet]
 24420 | Spider:4 | HP: 26/150 [poisoned by a hornet]
 24425 | Spider:4 | HP: 27/150 [poisoned by a hornet]
 24430 | Spider:4 | HP: 27/150 [poisoned by a hornet]
 25110 | Spider:4 | Got a gossamer rune of Zot
 25184 | Spider:4 | Reached skill level 16 in Armour
 25467 | Shoals:1 | Entered Level 1 of the Shoals
 25563 | Shoals:2 | HP: 34/151 [alligator snapping turtle (24)]
 26540 | Shoals:2 | Reached skill level 16 in Fighting
 26618 | Shoals:3 | Reached skill level 23 in Axes
 26650 | Shoals:4 | Entered Level 4 of the Shoals
 26833 | Shoals:4 | Noticed MDvedh's ghost (adept MiBe)
 26843 | Shoals:4 | Reached XP level 17. HP: 81/158 MP: 5/16
 26849 | Shoals:4 | HP: 39/158 [merfolk javelineer/javelin (9)]
 26858 | Shoals:4 | HP: 38/158 [merfolk javelineer/javelin (17)]
 26882 | Shoals:4 | Noticed Ilsuiw
 27078 | Shoals:4 | Killed Ilsuiw
 27647 | Shoals:4 | Reached skill level 13 in Dodging
 27669 | Shoals:4 | Got a barnacled rune of Zot
 28331 | Depths:1 | Entered Level 1 of the Depths
 28495 | Depths:1 | Paralysed by a great orb of eyes for 4 turns
 29082 | Depths:1 | Reached skill level 17 in Armour
 29103 | Depths:1 | Reached skill level 24 in Axes
 29112 | Depths:1 | Reached skill level 17 in Fighting
 29298 | Depths:1 | Received a gift from Trog
 29478 | Depths:1 | Found a one-way gate leading to the halls of Pandemonium.
 29577 | Depths:1 | Noticed a lich
 29584 | Depths:1 | Killed a lich
 29588 | Depths:1 | Reached XP level 18. HP: 159/169 MP: 5/17
 29646 | Depths:1 | Found Iwnot's Jewellery Boutique.
 29649 | Depths:1 | Noticed Wiglaf
 29656 | Depths:1 | Killed Wiglaf
 29696 | Depths:1 | Bought an uncursed amulet of regeneration for 420 gold pieces
 29817 | Depths:1 | Found a gateway to Hell.
 29972 | Depths:1 | Reached skill level 14 in Dodging
 30116 | Depths:2 | Noticed Sojobo
 30127 | Depths:2 | Killed Sojobo
 30158 | Depths:2 | HP: 38/170 [ice dragon/blast of cold (33)]
 30337 | Depths:2 | Noticed Asterion
 30347 | Depths:2 | Killed Asterion
 30570 | Depths:2 | Received a gift from Trog
 30793 | Depths:2 | Found a portal to a secret trove of treasure.
 30867 | Depths:2 | Found a flickering gateway to a bazaar.
 31175 | Depths:3 | Reached skill level 25 in Axes
 31181 | Depths:3 | Reached skill level 18 in Armour
 31376 | Depths:3 | Reached skill level 18 in Fighting
 31388 | Depths:3 | Reached XP level 19. HP: 159/179 MP: 6/18
 31395 | Depths:3 | Noticed a caustic shrike
 31625 | Depths:3 | Received a gift from Trog
 31662 | Depths:3 | Killed a caustic shrike
 31867 | Depths:3 | Reached skill level 15 in Dodging
 32170 | Depths:4 | Got a distressingly furry crystal plate armour
 32181 | Depths:4 | Identified the +5 crystal plate armour of Yshoat {rC++ rN+ rCorr Dex-3} (You acquired it on level 4 of the Depths)
 32358 | Depths:4 | Received a gift from Trog
 32358 | Depths:4 | Paralysed by a sphinx for 4 turns
 33095 | Depths:5 | Entered Level 5 of the Depths
 33110 | Depths:5 | Paralysed by a giant eyeball for 3 turns
 33113 | Depths:5 | Received a gift from Trog
 33143 | Depths:5 | Found an oddly glowing altar of Pakellas.
 33143 | Depths:5 | Noticed a golden dragon
 33149 | Depths:5 | Killed a golden dragon
 33149 | Depths:5 | Reached skill level 19 in Armour
 33200 | Depths:5 | Got a fine steel ring
 33202 | Depths:5 | Identified the ring "Lorole" {rElec rPois MR+ AC+3 Int-4} (You found it on level 5 of the Depths)
 33230 | Depths:5 | Noticed a juggernaut
 33239 | Depths:5 | Killed a juggernaut
 33239 | Depths:5 | Reached skill level 26 in Axes
 33239 | Depths:5 | Reached XP level 20. HP: 129/189 MP: 6/19
 33247 | Depths:5 | Reached skill level 19 in Fighting
 33277 | Depths:5 | Found a sparkling altar of Nemelex Xobeh.
 33289 | Depths:5 | Got a clouded bronze ring
 33315 | Depths:5 | Noticed Frederick
 33338 | Depths:5 | Killed Frederick
 33338 | Depths:5 | Reached skill level 16 in Dodging
 33375 | Depths:5 | Identified the ring of Conversion {Wiz rPois Str+3 Int+3} (You found it on level 5 of the Depths)
 33381 | Depths:5 | Got a sparkling lapis lazuli ring
 33489 | Depths:5 | Got an ancient pewter ring
 33490 | Depths:5 | Identified the ring of Ceepol {-Tele rPois MP+9 Str+3 Stlth+} (You took it off a vampire mage on level 5 of the Depths)
 33491 | Depths:5 | Identified the ring "Rid Qips" {EV+4 Int+6} (You took it off a hell knight on level 5 of the Depths)
 33492 | Depths:5 | Noticed a golden dragon
 33505 | Depths:5 | Killed a golden dragon
 33577 | Depths:5 | Received a gift from Trog
 33928 | Depths:5 | Found a gate to the Realm of Zot.
 34099 | Depths:5 | Got a pair of bloodstained boots
 34110 | Depths:5 | Identified the +2 pair of boots of Distant Shores {Dex+4} (You acquired it on level 5 of the Depths)
 34306 | Vaults:1 | Entered Level 1 of the Vaults
 34365 | Vaults:1 | Found Tacko's Assorted Antiques.
 34696 | Depths:5 | Cast into level 4 of the Abyss (a distortion unwield)
 34699 | Abyss:4  | Gained mutation: You occasionally shout uncontrollably at your foes. [mutagenic glow]
 34756 | Abyss:4  | Gained mutation: You sometimes yell uncontrollably at your foes. [mutagenic glow]
 34795 | Abyss:4  | Gained mutation: You are occasionally teleported next to monsters. [mutagenic glow]
 34845 | Abyss:4  | Received a gift from Trog
 34845 | Abyss:4  | Gained mutation: Your muscles are strong. (Str +2) [a shining eye]
 34925 | Abyss:4  | Reached XP level 21. HP: 128/200 MP: 6/20
 34930 | Abyss:4  | Reached skill level 27 in Axes
 35033 | Abyss:4  | Reached skill level 20 in Armour
 35065 | Abyss:4  | Found a corrupted altar of Lugonu.
 35072 | Abyss:4  | Paralysed by you for 4 turns
 35138 | Abyss:4  | Reached skill level 20 in Fighting
 35172 | Abyss:4  | Found a corrupted altar of Lugonu.
 35183 | Abyss:4  | Reached skill level 17 in Dodging
 35215 | Abyss:4  | Paralysed by accursed screaming for 1 turns
 35511 | Abyss:4  | Received a gift from Trog
 35575 | Abyss:4  | Noticed a profane servitor
 35578 | Abyss:4  | HP: 47/202 [??? (29)]
 35583 | Abyss:4  | HP: 55/303 [starcursed mass/accursed screaming (5)]
 35587 | Abyss:4  | Killed a profane servitor
 35589 | Abyss:4  | HP: 28/303 [starcursed mass/accursed screaming (9)]
 35599 | Abyss:4  | HP: 6/303 [starcursed mass/accursed screaming (10)]
 35601 | Abyss:4  | Killed from afar by a starcursed mass

Skill      XL: |  1  2  3  4  5  6  7  8  9 10 11 12 13 14 15 16 17 18 19 20 21 |
---------------+----------------------------------------------------------------+-----
Axes           | 4 5 6 8 10 11 12 14 15 17 18 20 21 23 24 25 26 27 | 27.0
Fighting       | 4 5 7 9 11 12 13 14 15 16 17 18 19 20 | 20.7
Armour         | 3 5 7 9 10 12 13 14 15 16 17 18 19 20 | 20.8
Dodging        | 9 11 12 13 14 15 16 17 | 17.7

Action                   |  1- 3 |  4- 6 |  7- 9 | 10-12 | 13-15 | 16-18 | 19-21 || total
-------------------------+-------+-------+-------+-------+-------+-------+-------++-------
Melee: Hand axe          |    53 |    42 |   148 |       |       |       |       ||   243
       Headbutt          |     8 |     9 |    59 |   170 |   324 |   307 |   294 ||  1171
       Battleaxe         |       |       |    47 |   606 |  1000 |    86 |       ||  1739
       Executioner's axe |       |       |       |       |       |   837 |   952 ||  1789
Invok: Berserk           |     2 |     2 |     6 |    15 |    22 |    16 |    13 ||    76
       Trog's Hand       |       |       |     4 |    15 |    12 |    14 |    11 ||    56
       Burn Spellbooks   |       |       |       |     1 |     3 |     2 |     3 ||     9
       Brothers in Arms  |       |       |       |     2 |     7 |    12 |     2 ||    23
  Use: Scroll            |       |       |       |    18 |    12 |    17 |    12 ||    59
       Potion            |       |       |       |     7 |     2 |     8 |     1 ||    18
 Stab: Sleeping          |     1 |       |       |       |       |       |       ||     1
       Distracted        |       |       |       |     1 |     3 |       |     1 ||     5
       Invisible         |       |       |       |       |       |       |     3 ||     3
       Petrifying        |       |       |       |       |       |       |     3 ||     3
  Eat: Chunk             |     2 |     2 |    10 |    20 |    35 |    15 |    16 ||   100
       Fruit             |       |     1 |     2 |     1 |     8 |       |       ||    12
       Beef jerky        |       |     1 |       |     1 |     5 |       |     1 ||     8
       Bread ration      |       |       |       |     5 |     2 |     5 |     2 ||    14
       Royal jelly       |       |       |       |       |     2 |       |       ||     2
       Pizza             |       |       |       |       |       |     1 |     1 ||     2
       Meat ration       |       |       |       |       |       |     2 |     1 ||     3
Armor: Animal skin       |     3 |     1 |       |       |       |       |       ||     4
       Plate armour      |       |    12 |   114 |   330 |   676 |   641 |    24 ||  1797
       Crystal plate arm |       |       |       |       |       |       |   506 ||   506
       Skin              |       |       |       |       |       |       |     1 ||     1
Dodge: Dodged            |    37 |    13 |    66 |   242 |   571 |   898 |   637 ||  2464

Vault maps used:
D:1:      lightli_arrival_lavapool, minmay_misc_feat_room
D:2:      minmay_door_path, lemuel_crystal_altar, kennysheep_flooded_box
D:3:      first_bread, makhleb_altar_promises_db
D:4:      tso_altar, temple_pool_a
D:5:      grunt_temple_overflow_open
D:6:      basic_altar, cheibriados_altar_wand_db
D:7:      gammafunk_temple_overflow_statue, basic_altar, uniq_menkaure
D:8:      grunt_gozag_statues, grunt_lair_entry_orc_guard_hut, serial_shops,
          shop, hangedman_pestilent_swarm, uniq_prince_ribbit1, uniq_maurice
D:9:      uniq_joseph
D:10:     serial_shops, shop, david_defended_altar_elf
D:12:     hiddenorc2_lemuel, eino_jars, hangedman_ru_absence
D:13:     erik_vaults_2, hangedman_cracks_in_the_wall
D:14:     dk_noncrumbling_3, st_stairs_5, minmay_evil_grid
D:15:     gammafunk_depths_entry_grave, hangedman_abyss_or_decor_slice,
          uniq_urug
Lair:1:   zaba_antful_of_joy, grunt_megastairs_3
Lair:2:   cheibrodos_lair_reptile_den
Lair:3:   beast_lair_carwin_2, infiniplex_staircase_pool
Lair:4:   serial_bayou_shore_a, grunt_megastairs_1
Lair:5:   elwin_shoals_entry_stream, portal_ice_cave_entry_ice_beasts,
          beast_lair_carwin_5, wad_woods_river_01, lemuel_fruit_tree
Lair:6:   spider_nest_entry_rubble, slime_altar_1, worms_lemuel
Lair:7:   cheibrodos_lair_caveside_slide, grunt_megastairs_5
Lair:8:   grunt_lair_end_beastmaster, minivault_26
Shoals:1: serial_shops, shop_fountains, st_cyclops
Shoals:4: shoals_end_grunt_ice, shoals_ilsuiw_ice, nicolae_shoals_mertower
Spider:2: guppyfry_wasp_nest
Spider:3: guppyfry_spider_mini_3
Spider:4: guppyfry_spider_rune
Vaults:1: hangedman_vaults_variations, nicolae_vaults_asterisk,
          nicolae_vaults_ninety_degrees, vaults_room_corners,
          grunt_vaults_twisty, ontoclasm_vaults_chip, v_pattern_5,
          ontoclasm_vaults_ligature, nicolae_vaults_little_squares_3,
          vaults_room_pools, nicolae_vaults_little_ls, vaults_mumra_lcd,
          serial_shops, nicolae_shop_overgrown_old_shop, basic_altar
Depths:1: kennysheep_six_static_rooms, serial_bayou_ford_a,
          grunt_hell_entry_dis_mu, serial_shops, shop, grunt_pan_entry_spiral,
          columned_hall_lemuel, grunt_ministairs_5, serial_bayou_shore_b,
          uniq_wiglaf
Depths:2: gold_lair_mu, grunt_pan_entry_zigzag, enter_trove_2, serial_shops,
          bzr_entry_customers, hell_entry, minmay_misc_feat_hallway,
          serial_bayou_pond_b, grunt_ministairs_8, uniq_sojobo, uniq_asterion
Depths:3: wad_guarded_room, hangedman_coc_ice_floe, pan_entry,
          mu_enter_wizlab_5, nrook_mini_backslash, minmay_splitting_lines,
          minmay_misc_feat_roman
Depths:4: grated_community_mu, nrook_uturn, abyss_entry,
          pf_hell_entry_great_geh, corexii_hall_statues_l,
          infiniplex_staircase_door_maze
Depths:5: hangedman_spin_cycle, hell_entry, abyss_entry, uniq_frederick
Abyss:4:  evilmike_abyss_rune_curve

Table legend:
 A = Turns spent in this place as a percentage of turns spent in the entire game.
 B = Non-inter-level travel turns spent in this place as a percentage of non-inter-level travel turns spent in the entire game.
 C = Inter-level travel turns spent in this place as a percentage of turns spent in this place.
 D = Turns resting spent in this place as a percentage of non-inter-level travel turns spent in this place.
 E = Turns spent auto-exploring this place as a percentage of non-inter-level travel turns spent in this place.
 F = Non-inter-level travel turns spent in this place divided by the number of levels of this place that you've seen.
                   A       B       C       D       E      F
               +-------+-------+-------+-------+-------+----------------------
         Total | 100.0 | 100.0 |   0.4 |   3.9 |   6.1 | 380.4
       Dungeon |  25.8 |  25.8 |   0.7 |   2.4 |   8.7 | 248.5
          Lair |  26.4 |  26.4 |   0.4 |   5.7 |   6.2 | 476.8
        Shoals |   7.9 |   7.9 |   0.4 |   5.0 |   2.7 | 284.2
   Spider Nest |   9.6 |   9.6 |   0.5 |   6.2 |   3.4 | 348.0
        Vaults |   1.2 |   1.2 |   0.6 |   0.0 |   6.2 | 176.0
        Depths |  21.5 |  21.5 |   0.3 |   3.2 |   7.2 | 621.6
         Abyss |   7.6 |   7.6 |   0.0 |   0.8 |   1.0 | 1101.0
               +-------+-------+-------+-------+-------+----------------------

Table legend:
 A = Kills in this place as a percentage of kills in entire the game.
 B = Kills by you in this place as a percentage of kills by you in the entire game.
 C = Kills by friends in this place as a percentage of kills by friends in the entire game.
 D = Other kills in this place as a percentage of other kills in the entire game.
 E = Experience gained in this place as a percentage of experience gained in the entire game.
 F = Experience gained in this place divided by the number of levels of this place that you have seen.
                   A       B       C       D       E      F
               +-------+-------+-------+-------+-------+----------------------
         Total | 100.0 | 100.0 | 100.0 | 100.0 | 100.0 | 17623.7
       Dungeon |  25.5 |  25.9 |  14.1 |  50.0 |  10.7 | 4797.3
          Lair |  22.1 |  22.9 |   3.1 |   0.0 |   8.8 | 7342.6
        Shoals |   6.6 |   6.7 |   4.7 |   0.0 |   8.6 | 14364.5
   Spider Nest |  11.3 |   9.3 |  54.7 |  25.0 |   9.0 | 15107.5
        Vaults |   1.1 |   1.2 |   0.0 |   0.0 |   1.4 | 9627.0
        Depths |  21.9 |  22.7 |   3.1 |   0.0 |  45.7 | 61150.0
         Abyss |  11.7 |  11.2 |  20.3 |  25.0 |  15.8 | 105736.0
               +-------+-------+-------+-------+-------+----------------------
